 Dungeon Crawl Stone Soup version 0.25.1-2-g60ff931df9 (webtiles) character file.

Game seed: 11990297845261109064

72 DogServant the Vandal (level 4, 31/31 HPs)
             Began as a Halfling Hunter on Oct 16, 2020.
             Quit the game on level 2 of the Dungeon.
             The game lasted 00:01:46 (1570 turns).

DogServant the Vandal (Halfling Hunter)             Turns: 1570, Time: 00:01:46

Health: 31/31      AC:  3    Str: 13    XL:     4   Next: 48%
Magic:  4/4        EV: 14    Int:  9    God:
Gold:   98         SH:  0    Dex: 15    Spells: 3/3 levels left

rFire    . . .     SeeInvis .   a - +1 hunting sling
rCold    . . .     Gourm    .   (shield restricted)
rNeg     . . .     Faith    .   c - +0 leather armour
rPois    .         Spirit   .   (no helmet)
rElec    .         Reflect  .   (no cloak)
rCorr    .         Harm     .   (no gloves)
MR       .....                  (no boots)
Stlth    ++........             (no amulet)
HPRegen  0.10/turn              (no ring)
MPRegen  0.09/turn              (no ring)

@: no status effects
A: small, mutation resistance 1
a: no special abilities


You were on level 2 of the Dungeon.
You were not hungry.

You visited 1 branch of the dungeon, and saw 2 of its levels.

You collected 98 gold pieces.

Inventory:

Hand Weapons
 a - a +1 hunting sling (weapon)
 b - a +0 short sword
Missiles
 d - 35 sling bullets (quivered)
 e - 19 stones
 i - 7 atropa-tipped darts
 k - 9 poisoned darts
Armour
 c - a +0 leather armour (worn)
Scrolls
 h - a scroll of fear {unknown}
 j - a scroll of magic mapping {unknown}
 l - 2 scrolls of identify {unknown}
 m - a scroll of immolation {unknown}
Comestibles
 f - 3 rations
 g - 6 chunks of flesh


   Skills:
 + Level 3.0 Fighting
 + Level 7.1 Slings
 - Level 2.1 Dodging
 - Level 1.1 Stealth


You had 3 spell levels left.
You didn't know any spells.
Your spell library was empty.

Dungeon Overview and Level Annotations

Branches:
Dungeon (2/15)

Altars:


Innate Abilities, Weirdness & Mutations

You are small and have problems with some larger weapons.
You are somewhat resistant to further mutation.


Message History

Firing (i - inventory. (/) - cycle)
d - 32 sling bullets (quivered)
Press: ? - help, Shift-Dir - straight line, f/p - adder
Aim: an adder (almost dead)
You shoot a sling bullet. The sling bullet hits the adder.
You kill the adder!
No target in view!
d - 32 sling bullets (gained 1)
You butcher the adder corpse.
g - 6 chunks of flesh (gained 2)
You see here an adder skeleton. x2
d - 34 sling bullets (gained 2)
You now have 98 gold pieces (gained 1).
You see here a robe.
f - 3 rations (gained 1)
d - 35 sling bullets (gained 1)
You see here a kobold corpse.
Found a stone staircase leading down.
Quiver which item? (- for none, * to show all) (? for menu, Esc to quit)
Okay, then.
Are you sure you want to abandon this character and quit the game? (Confirm with "yes".)

#.....####.##........
#..<.................
#...........#.......#
.....................##
#######..............##
#..†............#
###.##...#..#...#
####..........##....
#..@.......#####..#.
#..........# #....
............### ##.#.
>...........## #...
...........># ####..
....####..### #.....
.... ..## #.[... ...
### #...<. #.....


There were no monsters in sight!

Vanquished Creatures
  3 adders (D:2)
  An ooze (D:1)
  A worm (D:2)
  2 dart slugs (D:1)
  A leopard gecko (D:2)
  8 goblins
  2 hobgoblins (D:2)
  4 jackals (D:1)
  3 bats (D:1)
  2 frilled lizards
  4 kobolds
  2 rats
33 creatures vanquished.

Notes
Turn   | Place    | Note
-------+----------+-------------------------------------------
     0 | D:1      | DogServant the Halfling Hunter began the quest for the Orb.
     0 | D:1      | Reached XP level 1. HP: 14/14 MP: 1/1
   138 | D:1      | Reached skill level 6 in Slings
   142 | D:1      | Reached XP level 2. HP: 19/19 MP: 2/2
   572 | D:1      | Reached XP level 3. HP: 18/25 MP: 3/3
  1442 | D:2      | Reached XP level 4. HP: 30/30 MP: 4/4
  1505 | D:2      | Reached skill level 7 in Slings
  1570 | D:2      | Quit the game

Illustrated notes

Levels and vault maps discovered:
D:1:      heliophobic_arrival_henge, layout_loops_corners, minivault_26
D:2:      layout_rooms, yredelemnul_altar_generic

Skill      XL: |  1  2  3  4 |
---------------+-------------+-----
Fighting       | 2 3 |  3.0
Slings         | 6 7 |  7.1
Dodging        | |  2.1
Stealth        | |  1.1

Action                   |  1- 3 |  4- 6 || total
-------------------------+-------+-------++-------
Melee: Short sword       |    50 |       ||    50
 Fire: Hunting sling     |    32 |    10 ||    42
 Stab: Sleeping          |     3 |       ||     3
  Eat: Chunk             |     2 |       ||     2
Armor: Leather armour    |     9 |       ||     9
Dodge: Dodged            |    50 |       ||    50
